SL
GRAFTON MIDDIES @ CAPITAL DISTRICT RED KNIGHTS
07/19/2021
 
TOP OF THE 1ST
Grafton Middies batting - Pitching for Capital District Red Knights : RHP Francisco García
Pitching: RHP Francisco García
Batting: RHB Pedro Orozco 0-0: Ball
1-0: Foul Ball, location: 2F
1-1: Ball
2-1: Foul Ball, location: 2F
2-2: Foul Ball, location: 2F
2-2: Strikes out looking
Batting: RHB José Álvarez 0-0: Called Strike
0-1: Ball
1-1: Foul Ball, location: 2F
1-2: Foul Ball, location: 2F
1-2: Ball
2-2: Ball
3-2: Strikes out looking
Batting: RHB Raúl Robles 0-0: Ball
1-0: Foul Ball, location: 2F
1-1: Ball
2-1: Ball
3-1: Base on Balls
Batting: RHB Nathan Boswell 0-0: Swinging Strike
0-1: Fly out, F7 (Flyball, 78M)
Top of the 1st over - 0 run(s), 0 hit(s), 0 error(s), 1 left on base; Grafton 0 - Capital District 0
BOTTOM OF THE 1ST
Capital District Red Knights batting - Pitching for Grafton Middies : RHP Austin Abbott
Pitching: RHP Austin Abbott
Batting: RHB Chang-bum Pak 0-0: Ball
1-0: Called Strike
1-1: Called Strike
1-2: Foul Ball, location: 2F
1-2: Ground out 2-3 (Groundball, 25)
Batting: RHB Louis Henderson 0-0: Called Strike
0-1: Ball
1-1: Swinging Strike
1-2: Fly out, F9 (Flyball, 9LD)
Batting: RHB Daniel Lallanilla 0-0: Ball
1-0: Ball
2-0: Ball
3-0: Called Strike
3-1: Foul Ball, location: 2F
3-2: Foul Ball, location: 2F
3-2: Base on Balls
Batting: LHB Leonardo López 0-0: Called Strike
0-1: Ball
1-1: Foul Ball, location: 2F
1-2: SINGLE (Line Drive, 4M)
Daniel Lallanilla to second
Batting: RHB Dong-joon Ch'oe 0-0: Swinging Strike
0-1: Called Strike
0-2: Ball
1-2: Ball
2-2: Fly out, F9 (Flyball, 9LS)
Bottom of the 1st over - 0 run(s), 1 hit(s), 0 error(s), 2 left on base; Grafton 0 - Capital District 0
TOP OF THE 2ND
Grafton Middies batting - Pitching for Capital District Red Knights : RHP Francisco García
Batting: RHB Nam-sup Yi 0-0: Called Strike
0-1: Foul Ball, location: 2F
0-2: Ball
1-2: Foul Ball, location: 2F
1-2: Foul Ball, location: 2F
1-2: Foul Ball, location: 2F
1-2: Fly out, F8 (Flyball, 8RD)
Batting: RHB Justin Bingham 0-0: Called Strike
0-1: Swinging Strike
0-2: Foul Ball, location: 2F
0-2: Ball
1-2: Ground out 6-3 (Groundball, 6)
Batting: RHB Mark Davis 0-0: Ball
1-0: Called Strike
1-1: Foul Ball, location: 2F
1-2: Fly out, F9 (Flyball, 89D)
Top of the 2nd over - 0 run(s), 0 hit(s), 0 error(s), 0 left on base; Grafton 0 - Capital District 0
BOTTOM OF THE 2ND
Capital District Red Knights batting - Pitching for Grafton Middies : RHP Austin Abbott
Batting: LHB Stan Lewis 0-0: Ball
1-0: Ball
2-0: Fly out, F8 (Flyball, 89D)
Batting: RHB Jorge Torrez 0-0: Ball
1-0: Foul Ball, location: 2F
1-1: Hit by Pitch
Batting: RHB Tom Christensen 0-0: Called Strike
0-1: Ball
1-1: Ball
2-1: Called Strike
2-2: Ball
3-2: DOUBLE (Flyball, 8LM)
Jorge Torrez to third
Runner from 3rd tries for Home, SAFE, no throw or cutoff
Batting: RHB Lane Rich 0-0: Ball
1-0: Ball
2-0: Ground out 5-3 (Groundball, 56S)
Tom Christensen to third
Batting: RHB Chang-bum Pak 0-0: Ball
1-0: Called Strike
1-1: Foul Ball, location: 2F
1-2: Strikes out swinging
Bottom of the 2nd over - 1 run(s), 1 hit(s), 0 error(s), 1 left on base; Grafton 0 - Capital District 1
TOP OF THE 3RD
Grafton Middies batting - Pitching for Capital District Red Knights : RHP Francisco García
Batting: LHB Guillermo Romero 0-0: Ball
1-0: Ball
2-0: Foul Ball, location: 2F
2-1: Ball
3-1: Called Strike
3-2: Base on Balls
Batting: RHB Brady Ferris 0-0: Ball
1-0: Ball
2-0: Foul Ball, location: 2F
2-1: SINGLE (Groundball, 6MD) (infield hit)
Guillermo Romero to second
Batting: RHB Pedro Orozco 0-0: Ball
1-0: Reaches on Catchers interference
Guillermo Romero to third
Brady Ferris to second
Batting: RHB José Álvarez 0-0: Ball
1-0: Grounds into double play, 4-6-3 (Groundball, 4)
Guillermo Romero scores
Brady Ferris to third
Batting: RHB Raúl Robles 0-0: Ball
1-0: Called Strike
1-1: Foul Ball, location: 2F
1-2: Foul Ball, location: 2F
1-2: Ball
2-2: Fly out, F7 (Flyball, 7S)
Top of the 3rd over - 1 run(s), 1 hit(s), 1 error(s), 1 left on base; Grafton 1 - Capital District 1
BOTTOM OF THE 3RD
Capital District Red Knights batting - Pitching for Grafton Middies : RHP Austin Abbott
Batting: RHB Louis Henderson 0-0: Called Strike
0-1: Ball
1-1: Ball
2-1: Ground out 6-3 (Groundball, 6)
Batting: RHB Daniel Lallanilla 0-0: Called Strike
0-1: Foul Ball, location: 2F
0-2: Ball
1-2: SINGLE (Groundball, 6MD)
Batting: LHB Leonardo López 0-0: Swinging Strike
0-1: Ball
1-1: Ball
2-1: Called Strike
2-2: SINGLE (Line Drive, 6M)
Daniel Lallanilla to second
Batting: RHB Dong-joon Ch'oe 0-0: Called Strike
Daniel Lallanilla steals 3rd base
Leonardo López to second
0-1: Ball
1-1: Foul Ball, location: 2F
1-2: Fly out, F4 (Popup, 34D)
Batting: LHB Stan Lewis 0-0: Foul Ball, location: 2F
0-1: Swinging Strike
0-2: Ball
1-2: Strikes out looking
Bottom of the 3rd over - 0 run(s), 2 hit(s), 0 error(s), 2 left on base; Grafton 1 - Capital District 1
TOP OF THE 4TH
Grafton Middies batting - Pitching for Capital District Red Knights : RHP Francisco García
Batting: RHB Nathan Boswell 0-0: Called Strike
0-1: Foul Ball, location: 2F
0-2: Ball
1-2: Ball
2-2: Ball
3-2: Ground out 5-3 (Groundball, 5)
Batting: RHB Nam-sup Yi 0-0: Ball
1-0: Foul Ball, location: 2F
1-1: Fly out, F7 (Flyball, 78XD)
Batting: RHB Justin Bingham 0-0: Ball
1-0: Called Strike
1-1: Foul Ball, location: 2F
1-2: Foul Ball, location: 2F
1-2: Fly out, F8 (Flyball, 8RM)
Top of the 4th over - 0 run(s), 0 hit(s), 0 error(s), 0 left on base; Grafton 1 - Capital District 1
BOTTOM OF THE 4TH
Capital District Red Knights batting - Pitching for Grafton Middies : RHP Austin Abbott
Batting: RHB Jorge Torrez 0-0: Ball
1-0: Called Strike
1-1: Called Strike
1-2: Strikes out looking
Batting: RHB Tom Christensen 0-0: Ground out U3 (Groundball, 3)
Batting: RHB Lane Rich 0-0: Ball
1-0: Foul Ball, location: 2F
1-1: Swinging Strike
1-2: Ball
2-2: Ball
3-2: Base on Balls
Batting: RHB Chang-bum Pak 0-0: Ball
1-0: Ball
2-0: Called Strike
2-1: Ground out 6-3 (Groundball, 6)
Bottom of the 4th over - 0 run(s), 0 hit(s), 0 error(s), 1 left on base; Grafton 1 - Capital District 1
TOP OF THE 5TH
Grafton Middies batting - Pitching for Capital District Red Knights : RHP Francisco García
Batting: RHB Mark Davis 0-0: Called Strike
0-1: Foul Ball, location: 2F
0-2: Strikes out swinging
Batting: LHB Guillermo Romero 0-0: Ball
1-0: Ball
2-0: Ball
3-0: Base on Balls
Batting: RHB Brady Ferris 0-0: Called Strike
Guillermo Romero steals 2nd base
0-1: Fly out, F7 (Flyball, 78S)
Batting: RHB Pedro Orozco 0-0: Foul Ball, location: 2F
0-1: Ball
1-1: Ball
2-1: Fly out, F3 (Line Drive, 3)
Top of the 5th over - 0 run(s), 0 hit(s), 0 error(s), 1 left on base; Grafton 1 - Capital District 1
BOTTOM OF THE 5TH
Capital District Red Knights batting - Pitching for Grafton Middies : RHP Austin Abbott
Batting: RHB Louis Henderson 0-0: Foul Ball, location: 2F
0-1: Ball
1-1: Ball
2-1: Swinging Strike
2-2: Ground out 4-3 (Groundball, 34)
Batting: RHB Daniel Lallanilla 0-0: Ball
1-0: Ball
2-0: Ball
3-0: Called Strike
3-1: SINGLE (Line Drive, 78S)
Batting: LHB Leonardo López 0-0: Called Strike
0-1: Ball
1-1: DOUBLE (Flyball, 9LM)
Daniel Lallanilla to third
Pitching: RHP Mark Simmons
Batting: RHB Dong-joon Ch'oe 0-0: Called Strike
0-1: Called Strike
0-2: Ball
1-2: Strikes out swinging
Batting: LHB Stan Lewis 0-0: Ball
1-0: Ball
2-0: Ball
3-0: Called Strike
3-1: Base on Balls
Batting: RHB Jorge Torrez 0-0: SINGLE (Line Drive, 6MD)
Daniel Lallanilla scores
Leonardo López to third
Stan Lewis to second
Runner from 3rd tries for Home, SAFE, no throw or cutoff
Batting: RHB Tom Christensen 0-0: Foul Ball, location: 2F
0-1: Foul Ball, location: 2F
0-2: Foul Ball, location: 2F
0-2: Ball
1-2: Ball
2-2: Strikes out looking
Bottom of the 5th over - 2 run(s), 3 hit(s), 0 error(s), 2 left on base; Grafton 1 - Capital District 3
TOP OF THE 6TH
Grafton Middies batting - Pitching for Capital District Red Knights : RHP Francisco García
Batting: RHB José Álvarez 0-0: Ball
1-0: Ball
2-0: Hit by Pitch
Batting: RHB Raúl Robles 0-0: Ball
1-0: Fly out, F8 (Flyball, 8LM)
Batting: RHB Nathan Boswell 0-0: Called Strike
0-1: Ball
1-1: Ball
2-1: Ball
3-1: SINGLE (Groundball, 6MD) (infield hit)
José Álvarez to second
Pitching: RHP Jack Carr
Batting: RHB Nam-sup Yi 0-0: Ball
1-0: Ball
2-0: Swinging Strike
2-1: Ball
3-1: Called Strike
3-2: SINGLE (Groundball, 56D)
José Álvarez to third
Nathan Boswell to second
Runner from 3rd tries for Home, SAFE, throw made home
Batting: RHB Justin Bingham 0-0: Called Strike
Nathan Boswell steals 3rd base
Nam-sup Yi to second
0-1: Fly out, F4 (Line Drive, 4M)
Batting: RHB Mark Davis 0-0: Called Strike
0-1: Ball
1-1: Foul Ball, location: 2F
1-2: Strikes out swinging
Top of the 6th over - 1 run(s), 2 hit(s), 0 error(s), 2 left on base; Grafton 2 - Capital District 3
BOTTOM OF THE 6TH
Capital District Red Knights batting - Pitching for Grafton Middies : RHP Mark Simmons
Batting: RHB Lane Rich 0-0: Foul Ball, location: 2F
0-1: Foul Ball, location: 2F
0-2: Ball
1-2: Ball
2-2: Ball
3-2: Foul Ball, location: 2F
3-2: Strikes out swinging
Batting: RHB Chang-bum Pak 0-0: Ball
1-0: Foul Ball, location: 2F
1-1: Reached on error, E4 (Groundball, 4)
Batting: RHB Louis Henderson 0-0: Ball
1-0: Called Strike
1-1: Ball
2-1: SINGLE (Line Drive, 89S)
Chang-bum Pak to second
Batting: RHB Daniel Lallanilla 0-0: DOUBLE (Line Drive, 78M)
Chang-bum Pak scores
Louis Henderson to third
Batting: LHB Leonardo López 0-0: Ball
1-0: SINGLE (Groundball, 34D) (infield hit)
Louis Henderson scores
Daniel Lallanilla to third
Batting: RHB Dong-joon Ch'oe 0-0: Ball
1-0: Called Strike
1-1: Ball
2-1: Foul Ball, location: 2F
2-2: Strikes out swinging
Batting: LHB Stan Lewis 0-0: Ball
1-0: Called Strike
1-1: SINGLE (Groundball, 34D)
Daniel Lallanilla scores
Leonardo López to second
Runner from 2nd tries for 3rd, SAFE, throw made to third
Pitching: RHP Bill Ball
Batting: RHB Jorge Torrez 0-0: Foul Ball, location: 2F
0-1: Foul Ball, location: 2F
0-2: Ball
1-2: Foul Ball, location: 2F
1-2: Ball
2-2: Strikes out looking
Bottom of the 6th over - 3 run(s), 4 hit(s), 1 error(s), 2 left on base; Grafton 2 - Capital District 6
TOP OF THE 7TH
Grafton Middies batting - Pitching for Capital District Red Knights : RHP Jack Carr
Batting: LHB Guillermo Romero 0-0: Bunted foul
0-1: Ball
1-1: Foul Ball, location: 2F
1-2: Foul Ball, location: 2F
1-2: Foul Ball, location: 2F
1-2: Foul Ball, location: 2F
1-2: Foul Ball, location: 2F
1-2: Strikes out swinging
Batting: RHB Brady Ferris 0-0: Called Strike
0-1: Ball
1-1: Swinging Strike
1-2: Strikes out swinging
Batting: RHB Pedro Orozco 0-0: Ground out 4-3 (Groundball, 34)
Top of the 7th over - 0 run(s), 0 hit(s), 0 error(s), 0 left on base; Grafton 2 - Capital District 6
BOTTOM OF THE 7TH
Capital District Red Knights batting - Pitching for Grafton Middies : RHP Bill Ball
Batting: RHB Tom Christensen 0-0: Ball
1-0: Ball
2-0: Ball
3-0: Called Strike
3-1: Base on Balls
Batting: RHB Lane Rich 0-0: Bunted foul
0-1: Ball
1-1: Sac Bunt - play at first, batter OUT! 3-4
Tom Christensen to second
Batting: RHB Chang-bum Pak 0-0: Ball
1-0: Ball
2-0: Fly out, F7 (Line Drive, 7M)
Batting: RHB Louis Henderson 0-0: Swinging Strike
0-1: Ball
1-1: Swinging Strike
1-2: Ball
2-2: Strikes out looking
Bottom of the 7th over - 0 run(s), 0 hit(s), 0 error(s), 1 left on base; Grafton 2 - Capital District 6
TOP OF THE 8TH
Grafton Middies batting - Pitching for Capital District Red Knights : RHP Jack Carr
Batting: RHB José Álvarez 0-0: Ground out 6-3 (Groundball, 6)
Batting: RHB Raúl Robles 0-0: Ball
1-0: Called Strike
1-1: Hit by Pitch
Batting: RHB Nathan Boswell 0-0: Foul Ball, location: 2F
0-1: Swinging Strike
0-2: SINGLE (Line Drive, 34D)
Raúl Robles to second
Pitching: RHP Myron Snow
Batting: RHB Nam-sup Yi 0-0: Foul Ball, location: 2F
0-1: Ball
1-1: Called Strike
1-2: Strikes out looking
Batting: RHB Justin Bingham 0-0: Foul Ball, location: 2F
0-1: Ball
1-1: Fly out, F8 (Flyball, 8RM)
Top of the 8th over - 0 run(s), 1 hit(s), 0 error(s), 2 left on base; Grafton 2 - Capital District 6
BOTTOM OF THE 8TH
Capital District Red Knights batting - Pitching for Grafton Middies : RHP Bill Ball
Batting: RHB Daniel Lallanilla 0-0: Ball
1-0: Fly out, F6 (Popup, 5DF)
Batting: LHB Leonardo López 0-0: Ball
1-0: Ball
2-0: Foul Ball, location: 2F
2-1: Ball
3-1: Foul Ball, location: 2F
3-2: Ground out 1-3 (Groundball, 13S)
Pitching: RHP Gene Anderson
Batting: RHB Dong-joon Ch'oe 0-0: Called Strike
0-1: Foul Ball, location: 2F
0-2: Strikes out swinging
Bottom of the 8th over - 0 run(s), 0 hit(s), 0 error(s), 0 left on base; Grafton 2 - Capital District 6
TOP OF THE 9TH
Grafton Middies batting - Pitching for Capital District Red Knights : RHP Myron Snow
Batting: RHB Mark Davis 0-0: Foul Ball, location: 2F
0-1: Ball
1-1: Fly out, F7 (Flyball, 78D)
Batting: LHB Guillermo Romero 0-0: Ball
1-0: Foul Ball, location: 2F
1-1: Ball
2-1: Foul Ball, location: 2F
2-2: Strikes out looking
Batting: RHB Brady Ferris 0-0: Called Strike
0-1: SINGLE (Groundball, 5L)
Batting: RHB Pedro Orozco 0-0: Called Strike
0-1: Ball
1-1: Foul Ball, location: 2F
1-2: Ball
2-2: Ground out 1-3 (Groundball, 15)
Top of the 9th over - 0 run(s), 1 hit(s), 0 error(s), 1 left on base; Grafton 2 - Capital District 6
This league is powered by Out of the Park Baseball, the baseball management simulation game for PC, Mac and Linux
Friday, January 22nd, 2016 - OOTP Baseball 16.9 Build 39